 Dungeon Crawl Stone Soup version 0.29-a0-234-g0dae59b3db (console) character file.

Game seed: 11729747805352479853

115743 petzl the Destroyer (level 17, -4/193 HPs)
             Began as a Formicid Arcane Marksman on Mar 2, 2022.
             Was a High Priest of Vehumet.
             Constricted to death by a tentacled monstrosity (9 damage)
             ... on level 4 of the Swamp on Mar 5, 2022.
             The game lasted 03:45:37 (36885 turns).

petzl the Destroyer (Formicid Arcane Marksman)     Turns: 36885, Time: 03:45:37

Health: -4/193     AC: 32    Str: 14    XL:     17   Next: 24%
Magic:  16/38      EV: -1    Int: 30    God:    Vehumet [*****.]
Gold:   1843       SH:  8    Dex: 11    Spells: 9/39 levels left

rFire   . . .      SeeInvis .   a - +6 Majin-Bo {vamp, MP+6 Int+6}
rCold   . . .      Faith    .   n - +2 buckler
rNeg    . . .      Spirit   .   (body armour currently unavailable)
rPois   +          Reflect  .   (helmet unavailable)
rElec   .          Harm     .   (cloak currently unavailable)
rCorr   .          Rampage  .   (gloves currently unavailable)
Will    +....                   (boots currently unavailable)
Stlth   ++++......              f - amulet of regeneration
HPRegen 1.22/turn               A - +4 ring of protection
MPRegen 0.26/turn               R - +4 ring of slaying

@: tree-form, constricted
A: stationary, stasis, torment immunity, boosted hp, permanent stasis, dig
shafts and tunnels, (antennae 3), four strong arms, clever 1, (electricity
resistance)
a: Renounce Religion


You were on level 4 of the Swamp.
You worshipped Vehumet.
Vehumet was extremely pleased with you.
You were a tree.
You visited 6 branches of the dungeon, and saw 29 of its levels.

You collected 2809 gold pieces.
You spent 966 gold pieces at shops.

Inventory:

Hand Weapons
 a - the +6 Majin-Bo (weapon) {vamp, MP+6 Int+6}
   (You found it on level 8 of the Dungeon)

   It occasionally heals its wielder for a portion of the damage dealt when they
   wound a living foe with it or with a spell.
   Its wielder's spells cost health as well as magical power.
   Int:       It affects your intelligence (+6).
   MP:        It affects your magic capacity (+6).
 b - the +9 arbalest "Loamm" {penet, Will+ SInv}
   (You found it on level 6 of the Lair of Beasts)

   Any ammunition fired by it passes through the targets it hits, potentially
   hitting all targets in its path until it reaches maximum range.
   SInv:      It lets you see invisible.
   Will:      It increases your willpower.
 c - a +1 hand crossbow of freezing
 e - a +1 dagger of electrocution {!f =f}
 x - the +9 spear "Istocvetti" {pain, rPois Str+3, !f =f}
   (You bought it in a shop on level 2 of the Orcish Mines)

   In the hands of one skilled in necromantic magic, it inflicts extra damage on
   living creatures.
   Str:       It affects your strength (+3).
   rPois:     It protects you from poison.
Missiles
 C - 15 javelins
 D - 2 throwing nets
 M - 7 curare-tipped darts (quivered) {!*}
 N - 23 poisoned darts
Armour
 d - a +2 leather armour of willpower
 j - a +2 pair of boots (melded)
 n - a +2 buckler (worn)
 o - a +1 cloak (melded)
 u - the +1 robe "Puleg" {rC+ Regen+}
   (You found it on level 2 of the Dungeon)

   rC:        It protects you from cold.
   Regen:     It increases your rate of health regeneration.
 F - a +0 pair of gloves (melded)
 T - a +1 troll leather armour (melded)
Jewellery
 f - an amulet of regeneration (around neck)
 t - a ring of wizardry
 A - a +4 ring of protection (left branch)
 G - a ring of resist corrosion
 R - a +4 ring of slaying (right branch)
 W - a ring of protection from fire
Wands
 l - a wand of flame (35)
 q - a wand of polymorph (12)
 r - a wand of paralysis (23)
 H - a wand of iceblast (15)
 I - a wand of acid (6)
 K - a wand of mindburst (2)
 U - a wand of digging (7)
Scrolls
 g - a scroll of acquirement
 h - 2 scrolls of identify
 m - 8 scrolls of fear
 p - a scroll of summoning
 y - 4 scrolls of fog
 O - 3 scrolls of magic mapping
Potions
 i - 4 potions of might
 k - a potion of ambrosia
 s - 10 potions of curing
 v - a potion of flight
 w - a potion of invisibility
 z - 3 potions of heal wounds
 B - 3 potions of lignification
Miscellaneous
 S - a tin of tremorstones (2/2)


   Skills:
 + Level 10.5 Fighting
 - Level 3.0 Staves
 + Level 4.5 Crossbows
 + Level 8.2 Armour
 + Level 7.1 Dodging
 - Level 11.0 Stealth
 - Level 9.0 Shields
 * Level 11.6 Spellcasting
 * Level 12.7 Conjurations
 - Level 3.6 Hexes
 - Level 4.0 Transmutations
 + Level 5.9 Fire Magic
 - Level 6.0 Ice Magic
 * Level 5.7 Air Magic
 - Level 9.1 Earth Magic
 - Level 5.0 Poison Magic
 - Level 5.0 Evocations


You had 9 spell levels left.
You knew the following spells:

 Your Spells              Type           Power      Damage    Failure   Level
a - Slow                  Hex            100%       N/A       1%          1
b - Poisonous Vapours     Pois/Air       98%        N/A       1%          2
c - Stone Arrow           Conj/Erth      100%       3d13      1%          3
d - Dazzling Flash        Conj/Hex       100%       N/A       1%          3
e - Conjure Ball Lightni  Conj/Air       32%        3x3d10    3%          6
l - Freezing Cloud        Conj/Ice/Air   30%        6-21      1%          5
m - Mephitic Cloud        Conj/Pois/Air  59%        N/A       1%          3
I - Ignite Poison         Fire/Tmut/Pois 47%        N/A       1%          3
T - Olgreb's Toxic Radia  Pois           47%        N/A       1%          4

Your spell library contained the following spells:

 Spells                   Type           Power      Damage    Failure   Level
 Corpse Rot               Necr/Air       68%        N/A       1%          2
 Inner Flame              Hex/Fire       46%        N/A       1%          3
 Confusing Touch          Hex            39%        N/A       2%          3
 Pain                     Necr           68%        1d7       3%          1
 Portal Projectile        Hex/Tloc       56%        N/A       4%          3
 Animate Armour           Summ/Erth      90%        N/A       4%          4
 Cause Fear               Hex            19%        N/A       8%          4
 Gell's Gravitas          Tloc           17%        N/A       11%         3
 Lesser Beckoning         Tloc           17%        N/A       11%         3
 Teleport Other           Tloc           17%        N/A       11%         3
 Vampiric Draining        Necr           17%        2d7       11%         3
 Silence                  Hex/Air        22%        N/A       14%         5
 Lehudib's Crystal Spear  Conj/Erth      35%        10d9      50%         8
 Agony                    Necr           17%        N/A       67%         5
 Excruciating Wounds      Necr           8%         N/A       67%         5


Dungeon Overview and Level Annotations

Branches:
Dungeon (15/15)            Temple (1/1) D:7            Lair (6/6) D:8
  Swamp (3/4) Lair:3        Snake (0/4) Lair:4        Slime (0/5) Lair:6
    Orc (2/2) D:10            Elf (1/3) Orc:2        Vaults (0/5) D:14
 Depths: D:15

Altars:
Dithmenos
Elyvilon
Fedhas
Gozag
Nemelex Xobeh
Okawaru
Qazlal
Ru
Sif Muna
Vehumet
Zin
The Shining One

Shops:
Orc:2 !(*(

Annotations:
D:15 Jorgrun
Lair:1 1 transporter
Swamp:2 exclusion: downstairs
Elf:1 3 runed translucent doors


Innate Abilities, Weirdness & Mutations

You are a tree.
Your roots penetrate the ground, keeping you stationary.
You cannot be teleported.
You are immune to unholy pain and torment.
Your maximum health is greatly increased.
Your equipment is partially melded.
You cannot be hasted, slowed, berserked, paralysed or teleported.
You can dig through walls and to a lower floor.
((You have a pair of large antennae on your head. (SInv)))
Your four strong arms can wield two-handed weapons with a shield.
Your mind is acute. (Int +2)
((You are resistant to electric shocks. (rElec)))


Message History

Unknown command.
Aiming: Paralyse
Press: ? - help, Shift-Dir - straight line, f - tentacled monstrosity
Aim: a tentacled monstrosity (freezing vapour, moderately wounded, constricting you, ally target, chance to affect: 0%)
Okay, then.
Unknown command.
Unknown command.
Okay, then.
Okay, then.
Press: ? - help, v - describe, . - travel The floor.
Unknown command.
Unknown command.
Really quaff the potion of lignification?
You turn into a tree.
Your +1 cloak melds into your body.
Your +0 pair of gloves melds into your body.
Your +2 pair of boots melds into your body.
Your +1 troll leather armour melds into your body.
Your roots penetrate the ground.
Your ball lightning explodes!
The blast of lightning engulfs the tentacled monstrosity.
The tentacled monstrosity resists.
The tentacled monstrosity is moderately wounded.
The blast of lightning engulfs you but does no damage.
The blast of lightning engulfs your ball lightning.
Your ball lightning completely resists.
Your ball lightning explodes!
The blast of lightning engulfs the tentacled monstrosity.
The tentacled monstrosity resists.
The tentacled monstrosity is moderately wounded.
The blast of lightning engulfs you!
* * * LOW HITPOINT WARNING * * *
The tentacled monstrosity is engulfed in freezing vapours.
The tentacled monstrosity tentacle-slaps you.
* * * LOW HITPOINT WARNING * * *
The tentacled monstrosity tentacle-slaps you.
* * * LOW HITPOINT WARNING * * *
The tentacled monstrosity tentacle-slaps you but does no damage.
The tentacled monstrosity constricts you!
You die...

*** **,** *,≈,* **,,** **,≈,* *,≈,,*********
* **,,,,**≈,,≈,** ** *≈,*****,,≈≈,≈**♣♣* **≈
********≈,,,,,≈≈***,,,*♣≈♣♣♣♣♣♣♣♣♣ **≈*
*,≈≈,≈**≈≈,,,,,≈****≈,≈♣≈.♣♣<≈.≈.♣**,*.
*,≈≈≈,≈*♣.♣♣♣*≈,≈****≈≈♣≈≈.♣...≈♣#*,,,#
**≈*,,,≈*♣.≈..♣*,≈,***≈≈♣..≈≈♣♣♣♣#*≈*,{#
**,,,≈<,,,*♣≈.≈.**≈≈*,≈,*♣≈..♣≈≈♣#*,*.###
**≈,≈,≈,≈≈,≈♣.≈≈≈♣♣≈,≈≈,,♣♣≈≈.....#≈≈≈≈≈≈≈
*,,≈≈≈≈≈≈≈,≈♣≈☼☼§.♣*≈≈≈,*♣§..≈≈≈.≈#,≈#.#.#
***,≈≈≈≈≈≈≈≈≈.♣♣§°*§♣♣♣♣♣♣♣♣♣♣≈≈.≈≈≈#.#≈#≈#.
*,,,,≈≈≈≈≈≈≈≈..!.§§♣§≈§§☼≈≈.≈.≈.?♣≈≈#≈≈≈≈≈≈≈
*≈≈,≈≈≈≈≈≈≈≈≈≈≈♣♣♣§°X≈§§§≈≈....≈≈.≈≈#≈≈≈≈≈≈≈
*,≈≈≈≈≈≈≈≈≈≈≈≈≈*♣§≈§§.≈≈§≈)†≈†.♣≈≈♣.#.≈≈.≈.≈
**,≈≈≈,≈,≈≈≈≈{≈*♣♣♣♣.≈≈≈≈§).≈≈.♣..♣♣#≈#.#.≈≈
*≈,≈≈,*,,≈*,,≈* ♣..≈≈≈≈≈≈≈≈♣♣≈..♣##≈#.#x≈
***,≈≈≈**≈,,,*** ♣♣.≈≈≈)≈≈.♣♣♣..≈♣♣≈#≈#uD≈
**,≈≈≈***,,,,≈≈** *♣≈≈≈≈≈≈..♣*♣♣.≈≈≈#≈#4#{D
**,≈≈≈,***,≈≈≈*,,**♣§.≈§≈≈.≈.≈≈*♣....≈#u♣{{.
**,≈,,,,,**,≈≈**,≈,≈♣.≈≈≈≈≈≈)...♣♣♣.§♣.≈♣{#♣♣
*,≈≈≈≈≈≈≈**,,≈*,≈≈≈,♣≈≈...≈≈§≈≈.♣*♣...≈♣♣{♣**
*,≈≈≈≈≈≈≈,*≈*≈,≈≈≈≈*≈...≈≈≈≈.≈≈≈≈*♣♣...♣♣.≈,,
***≈*,≈≈≈≈≈**≈≈≈≈≈****,≈≈≈≈≈≈,,,** ♣♣≈?.♣♣.≈,
**,,,≈≈≈≈**≈≈≈≈,≈***≈≈≈≈≈≈≈,≈** **≈♣.♣≈,≈♣.
**≈*,,,,,≈,,,,*,≈**,,≈≈≈≈≈,≈* *≈..♣♣**♣♣.
****≈,≈,*,≈,≈*≈≈≈,,,,≈≈≈≈,** ♣≈..≈* *≈
************,≈**,,,≈≈,,,,,,,** ♣♣*≈*******
*≈≈≈,*******,,**,,,≈,,,,≈≈≈,≈* ***≈,,≈,≈≈,≈*
*,≈≈≈≈,,,,<**,,,******≈,≈≈≈,≈* *,≈*,,,≈≈≈≈,*
*,,≈≈≈≈≈≈≈≈***≈≈,* **≈≈≈≈,,******,,,,,,≈,*


You could see a tentacled monstrosity (ally target) and a friendly ball
lightning.

Vanquished Creatures
  A thorn hunter (Swamp:2)
  Louise (D:14)
  2 eleionomae (Swamp:4)
  Josephine (D:12)
  7 hydras
  5 boulder beetles
  An ogre mage (D:14)
  A catoblepas (Lair:4)
  4 centaur warriors
  5 two-headed ogres
  12 death yaks
  A tengu warrior (D:14)
  4 alligators
  13 spriggans
  4 orc high priests
  Urug (D:10)
  Sonja (Orc:2)
  Nergalle (D:10)
  A fire crab (Lair:6)
  4 goliath frogs
  A spriggan druid (Swamp:1)
  2 bog bodies
  2 wizards (D:15)
  A swamp dragon (Swamp:1)
  8 orc knights
  A deep elf pyromancer (Elf:1)
  3 deep elf zephyrmancers (Elf:1)
  4 will-o-the-wisps (Swamp:1)
  7 cyclopes
  2 manticores
  5 orc sorcerers
  A wolf spider (Lair:6)
  12 ugly things
  A naga mage (D:14)
  12 black mambas
  A guardian serpent (Lair:6)
  22 cane toads
  A rime drake (Lair:1)
  A torpor snail (Lair:1)
  A gargoyle (D:12)
  8 komodo dragons
  Maggie (D:7)
  4 unseen horrors
  3 yaktaurs (D:14)
  2 tengu conjurers (D:13)
  4 freezing wraiths
  A queen bee (shapeshifter) (D:13)
  5 trolls
  14 hornets
  5 tyrant leeches
  12 polar bears
  16 blink frogs
  4 dream sheep (Lair:6)
  7 slime creatures
  15 wyverns
  2 shadows
  3 basilisks
  3 steam dragons
  5 wraiths
  A redback (Lair:6)
  35 yaks
  12 vampire mosquitoes
  2 nagas (Lair:4)
  8 wargs
  7 swamp worms
  19 water moccasins
  17 hell hounds (Lair:6)
  An ice beast (D:6)
  A sky beast (D:5)
  A swamp drake (Swamp:2)
  25 orc warriors
  12 black bears
  28 wolves
  6 ogres
  15 centaurs
  A phantom (D:6)
  2 kobold brigands (D:9)
  17 bullfrogs
  2 necrophages
  A gnoll sergeant (D:8)
  4 scorpions
  13 wights
  A hornet simulacrum (D:15)
  10 killer bees
  7 electric eels
  A howler monkey (D:11)
  7 crimson imps (D:8)
  A jelly (Lair:6)
  7 hounds
  19 orc priests
  2 iguanas (D:6)
  26 orc wizards
  3 gnolls (D:8)
  7 adders
  3 shadow imps
  3 white imps
  3 worms (D:2)
  5 dart slugs
  71 orcs
  4 bats
  9 endoplasms
  12 goblins
  8 hobgoblins
  3 jackals (D:3)
  6 quokkas
  9 ball pythons
  13 frilled lizards
  16 kobolds
  3 rats (D:1)
  11 briar patches (Swamp:2)
772 creatures vanquished.

Vanquished Creatures (collateral kills)
  An ogre (D:5)
  An iguana (D:5)
  4 gnolls (D:5)
  A ball lightning (Swamp:1)
7 creatures vanquished.

Vanquished Creatures (others)
  2 efreet (D:15)
  A water moccasin (Lair:4)
  An orc priest (Orc:2)
  2 orcs (D:15)
  41 ball lightnings
  A bush (Lair:6)
  A demonic plant (D:1)
  13 foxfires (Swamp:1)
  39 fungi
  98 plants
199 creatures vanquished.

Grand Total: 978 creatures vanquished

Notes
Turn   | Place    | Note
-------+----------+-------------------------------------------
     0 | D:1      | petzl the Formicid Arcane Marksman began the quest for the
                  | Orb.
     0 | D:1      | Reached XP level 1. HP: 15/15 MP: 2/2
   502 | D:1      | Reached XP level 2. HP: 21/21 MP: 2/4
   898 | D:1      | Reached skill level 1 in Stealth
  1095 | D:1      | Reached XP level 3. HP: 11/26 MP: 3/5
  1631 | D:1      | Found a faded altar of an unknown god.
  1682 | D:1      | Reached skill level 1 in Armour
  2554 | D:2      | Identified the +1 robe "Puleg" {rC+ Regen+}
  2616 | D:2      | Reached XP level 4. HP: 26/33 MP: 7/7
  3001 | D:2      | Learned a level 2 spell: Poisonous Vapours
  3005 | D:2      | Learned a level 3 spell: Stone Arrow
  3324 | D:3      | Reached XP level 5. HP: 38/38 MP: 6/8
  3413 | D:3      | Reached skill level 1 in Poison Magic
  4076 | D:4      | Noticed a black bear
  4633 | D:3      | Reached skill level 1 in Air Magic
  4637 | D:3      | Reached skill level 1 in Earth Magic
  4686 | D:4      | Reached XP level 6. HP: 42/44 MP: 8/10
  4937 | D:5      | Entered Level 5 of the Dungeon
  4937 | D:5      | Noticed an ogre
  4944 | D:5      | Killed an ogre
  4945 | D:5      | Reached skill level 1 in Conjurations
  5008 | D:4      | Killed a black bear
  5009 | D:4      | Reached XP level 7. HP: 50/50 MP: 3/11
  5300 | D:5      | Found an opulent altar of Gozag.
  5481 | D:5      | Reached skill level 1 in Staves
  5481 | D:5      | Reached skill level 2 in Conjurations
  5934 | D:6      | Reached XP level 8. HP: 54/56 MP: 13/13
  6156 | D:6      | Reached skill level 5 in Poison Magic
  6318 | D:6      | Reached skill level 3 in Conjurations
  7063 | D:7      | Reached XP level 9. HP: 59/61 MP: 15/15
  7160 | D:7      | Found a staircase to the Ecumenical Temple.
  7169 | Temple   | Entered the Ecumenical Temple
  7316 | Temple   | Became a worshipper of Vehumet
  7378 | D:7      | Reached skill level 4 in Conjurations
  7378 | D:7      | Reached skill level 5 in Earth Magic
  7797 | D:7      | Noticed Maggie
  8239 | D:7      | Killed Maggie
  8240 | D:7      | Reached skill level 5 in Spellcasting
  8240 | D:7      | Reached skill level 5 in Conjurations
  8660 | D:8      | Noticed a troll
  8839 | D:8      | Reached * piety under Vehumet
  8839 | D:8      | Offered knowledge of Shock by Vehumet.
  8840 | D:8      | Reached XP level 10. HP: 68/68 MP: 14/18
  9262 | D:8      | Found the +6 Majin-Bo {vamp, MP+6 Int+6}
  9278 | D:8      | Noticed a two-headed ogre
  9475 | D:8      | Reached skill level 6 in Conjurations
  9475 | D:8      | Reached skill level 1 in Evocations
  9592 | D:9      | Noticed a five-headed hydra
 10419 | D:8      | Found a staircase to the Lair.
 10439 | D:8      | Reached ** piety under Vehumet
 10439 | D:8      | Offered knowledge of Static Discharge by Vehumet.
 11244 | D:8      | Killed a two-headed ogre
 11245 | D:8      | Reached XP level 11. HP: 65/77 MP: 4/20
 11883 | D:9      | Reached skill level 7 in Conjurations
 12501 | D:10     | Entered Level 10 of the Dungeon
 12628 | D:10     | Reached skill level 5 in Stealth
 12662 | D:10     | Offered knowledge of Ignite Poison by Vehumet.
 12672 | D:10     | Learned a level 3 spell: Ignite Poison
 12675 | D:10     | Found a sparkling altar of Nemelex Xobeh.
 12917 | D:10     | Reached skill level 1 in Transmutations
 13008 | D:10     | Noticed Urug
 13042 | D:10     | Killed Urug
 13043 | D:10     | Reached skill level 1 in Fire Magic
 13043 | D:10     | Reached skill level 5 in Air Magic
 13199 | D:10     | Reached *** piety under Vehumet
 13404 | D:10     | Found a staircase to the Orcish Mines.
 13569 | D:10     | Noticed Nergalle
 13809 | D:11     | Noticed a two-headed ogre
 13825 | D:10     | Killed a two-headed ogre
 13826 | D:10     | Reached skill level 5 in Fighting
 13878 | D:11     | Noticed a manticore
 13885 | D:11     | Killed a manticore
 14140 | D:11     | Offered knowledge of Olgreb's Toxic Radiance by Vehumet.
 14146 | D:11     | Learned a level 4 spell: Olgreb's Toxic Radiance
 14251 | D:11     | Reached XP level 12. HP: 81/86 MP: 10/22
 14463 | D:11     | Noticed a boulder beetle
 14479 | D:11     | Killed a boulder beetle
 14480 | D:11     | Reached skill level 1 in Shields
 14480 | D:11     | Reached skill level 8 in Conjurations
 14613 | D:11     | Noticed a two-headed ogre
 14626 | D:11     | Killed a two-headed ogre
 14930 | D:12     | Noticed a boulder beetle
 14937 | D:12     | Killed a boulder beetle
 15109 | D:12     | Noticed a two-headed ogre
 15116 | D:12     | Killed a two-headed ogre
 15611 | D:12     | Noticed a boulder beetle
 15881 | D:12     | Noticed Josephine
 16397 | D:13     | Reached skill level 9 in Conjurations
 16673 | D:13     | Noticed a centaur warrior
 16681 | D:13     | Killed a centaur warrior
 16959 | D:13     | Reached **** piety under Vehumet
 16968 | D:13     | Reached XP level 13. HP: 83/95 MP: 9/24
 17098 | D:13     | Offered knowledge of Flame Wave by Vehumet.
 17440 | D:13     | Gained mutation: Your mind is acute. (Int +2) [potion of
                  | mutation]
 17440 | D:13     | Gained mutation: You are resistant to electric shocks.
                  | (rElec) [potion of mutation]
 18263 | D:9      | Killed a five-headed hydra
 18370 | Lair:1   | Entered Level 1 of the Lair of Beasts
 18370 | Lair:1   | Found a transporter.
 18833 | Lair:1   | Identified the +1 robe of Deihishre {+Inv Regen+ rCorr
                  | Int-5}
 18843 | Lair:1   | Noticed a seven-headed hydra
 18951 | Lair:1   | Noticed a four-headed hydra
 18958 | Lair:1   | Killed a four-headed hydra
 19047 | Lair:1   | Reached skill level 10 in Conjurations
 19546 | Lair:1   | Found a transporter.
 19892 | Lair:1   | Killed a seven-headed hydra
 19984 | Lair:1   | Identified a scroll of acquirement
 20032 | Lair:1   | Reached skill level 5 in Shields
 20841 | Lair:2   | Noticed an eight-headed hydra
 20848 | Lair:2   | Killed an eight-headed hydra
 21291 | Lair:3   | Reached XP level 14. HP: 104/104 MP: 20/26
 21440 | Lair:3   | Reached ***** piety under Vehumet
 21448 | Lair:3   | Offered knowledge of Starburst by Vehumet.
 21833 | Lair:3   | You fall into a shaft and drop 2 floors!
 22024 | Lair:5   | Learned a level 3 spell: Dazzling Flash
 22048 | Lair:5   | Reached skill level 5 in Dodging
 22229 | Lair:4   | Found a sparkling altar of Nemelex Xobeh.
 22308 | Lair:5   | Reached skill level 5 in Armour
 22434 | Lair:4   | Reached skill level 11 in Conjurations
 22862 | Lair:3   | Found a staircase to the Swamp.
 23255 | Lair:4   | You fall into a shaft and drop 2 floors!
 23255 | Lair:6   | Entered Level 6 of the Lair of Beasts
 23679 | Lair:6   | Reached skill level 10 in Stealth
 24485 | Lair:6   | Reached skill level 5 in Evocations
 24784 | Lair:6   | Reached XP level 15. HP: 112/112 MP: 23/28
 26097 | Lair:4   | Found a staircase to the Snake Pit.
 26635 | Lair:6   | Reached skill level 12 in Conjurations
 26935 | Lair:6   | Reached skill level 10 in Spellcasting
 27127 | Lair:6   | Found a staircase to the Slime Pits.
 27510 | Lair:6   | Offered knowledge of Freezing Cloud by Vehumet.
 27522 | Lair:6   | Learned a level 5 spell: Freezing Cloud
 27565 | Lair:6   | Reached skill level 1 in Ice Magic
 28286 | Lair:6   | Reached skill level 5 in Ice Magic
 28641 | Lair:6   | Identified the +9 arbalest "Loamm" {penet, Will+ SInv}
 29175 | Lair:1   | You fall into a shaft and drop 1 floor!
 29472 | D:10     | Killed Nergalle
 29567 | Orc:1    | Entered Level 1 of the Orcish Mines
 30270 | Orc:2    | Entered Level 2 of the Orcish Mines
 30277 | Orc:2    | Noticed Sonja
 30324 | Orc:2    | Killed Sonja
 30397 | Orc:2    | Offered knowledge of Lightning Bolt by Vehumet.
 30444 | Orc:2    | Found a staircase to the Elven Halls.
 30945 | Orc:2    | Reached XP level 16. HP: 107/121 MP: 29/30
 31037 | Orc:2    | Found Teem's Antique Weapon Boutique.
 31037 | Orc:2    | Found Ilicuc's Assorted Antiques.
 31041 | Orc:2    | Found Ynurodus's Distillery.
 31041 | Orc:2    | Found Wiliann's Weapon Boutique.
 31055 | Orc:2    | Bought a potion of heal wounds for 80 gold pieces
 31057 | Orc:2    | Bought a scroll labelled DEPTIPR VANG for 23 gold pieces
 31057 | Orc:2    | Bought a scroll of identify for 46 gold pieces
 31057 | Orc:2    | Bought a scroll of identify for 46 gold pieces
 31057 | Orc:2    | Bought a golden ring for 115 gold pieces
 31061 | Orc:2    | Bought a potion of invisibility for 128 gold pieces
 31064 | Orc:2    | Bought a steaming spear for 264 gold pieces
 31064 | Orc:2    | Identified the +9 spear "Istocvetti" {pain, rPois Str+3}
                  | (You bought it in a shop on level 2 of the Orcish Mines)
 31064 | Orc:2    | Bought a smouldering hand axe for 264 gold pieces
 31064 | Orc:2    | Identified the +4 hand axe of Execution {vamp, Dex+3} (You
                  | bought it in a shop on level 2 of the Orcish Mines)
 31289 | Elf:1    | Entered Level 1 of the Elven Halls
 31289 | Elf:1    | Found a runed translucent gate.
 31289 | Elf:1    | Found a runed translucent gate.
 31289 | Elf:1    | Found a runed translucent gate.
 31289 | Elf:1    | Found a runed translucent gate.
 31289 | Elf:1    | Found a runed translucent gate.
 31289 | Elf:1    | Found a runed translucent gate.
 31291 | Elf:1    | Found a runed translucent door.
 31796 | D:12     | Killed Josephine
 32198 | D:14     | Noticed Louise
 32210 | D:14     | Killed Louise
 32490 | D:14     | Reached skill level 5 in Fire Magic
 33276 | D:14     | Reached skill level 10 in Fighting
 33386 | D:14     | Found a gate to the Vaults.
 33724 | D:15     | Entered Level 15 of the Dungeon
 34196 | D:15     | Found a stormy altar of Qazlal.
 34199 | D:15     | Offered knowledge of Conjure Ball Lightning by Vehumet.
 34239 | D:15     | Learned a level 6 spell: Conjure Ball Lightning
 34381 | D:15     | Noticed Jorgrun
 35236 | Swamp:1  | Entered Level 1 of the Swamp
 36076 | Swamp:1  | Reached XP level 17. HP: 129/129 MP: 22/32
 36218 | Swamp:2  | Noticed a thorn hunter
 36231 | Swamp:2  | Killed a thorn hunter
 36540 | Swamp:1  | Learned a level 3 spell: Mephitic Cloud
 36637 | Swamp:2  | You fall into a shaft and drop 1 floor!
 36640 | Swamp:3  | You fall into a shaft and drop 1 floor!
 36640 | Swamp:4  | Entered Level 4 of the Swamp
 36876 | Swamp:4  | Noticed a tentacled monstrosity
 36885 | Swamp:4  | HP: 5/193 [tentacled monstrosity (6)]
 36885 | Swamp:4  | Constricted to death by a tentacled monstrosity

Illustrated notes

Levels and vault maps discovered:
D:1:      saegor_arrival_fortress, layout_basic, shapermc_ecumenical_altar_gd,
          minmay_ruptured
D:2:      layout_loops_corners
D:3:      layout_loops_ring, minmay_goblin_outpost
D:4:      layout_basic, serial_glass, glass_columns_c, glass_columns_a,
          glass_columns_a, glass_columns_a
D:5:      layout_rooms, mainiacjoe_overflow_catwalk, kennysheep_generic_room_11
D:6:      layout_loops_ring, minmay_lizard_king
D:7:      layout_rooms, minmay_temple_entry_overgrown, lemuel_another_geyser,
          uniq_maggie
D:8:      layout_basic, erik_lair_island, hex_large, minivault_19,
          minmay_nine_imps
D:9:      layout_stronghold, serial_glass, glass_columns_a, glass_columns_b,
          glass_columns_c
D:10:     layout_irregular_city, old_standard_altar, erik_orc_3, uniq_nergalle,
          uniq_urug
D:11:     layout_roguey, nzn_sisyphean_effort
D:12:     layout_long_grid, nrook_campfire, uniq_josephine
D:13:     layout_loops_cross, kennysheep_generic_room_13
D:14:     layout_gridville, hangedman_vaults_entry_quadrant_bands,
          infiniplex_staircase_pool, minmay_misc_feat_rows, chequers_arboretum,
          uniq_louise
D:15:     grunt_enter_depths_magical_seal, layout_loops_ring,
          nicolae_qazlal_scattered_showers, uniq_jorgrun
Temple:   mainiacjoe_temple_big_plus
Lair:1:   gammafunk_cloud_chamber, layout_gridlike, st_stairs_12,
          chequers_serial_rivers_large_b, minmay_hedge_maze, grunt_megastairs_3
Lair:2:   layout_regular_city, serial_bayou_shore_a, serial_bayou_shore_b
Lair:3:   layout_roguey, minmay_swamp_entry_worms, grunt_forest_small_clearings,
          grunt_megastairs_2
Lair:4:   layout_hall_layers, minmay_snake_entry_guardpost_small, basic_altar
Lair:5:   layout_cave_pods, serial_bayou_lagoon_b
Lair:6:   hangedman_lair_tendril_chambers, layout_small_grid,
          hangedman_lair_caniforms_friends, nicolae_slime_entry_slimehenge
Swamp:1:  nicolae_swamp_decorative_isthmus, layout_basic_swamp,
          evilmike_swamp_ruin_house_2
Swamp:2:  layout_basic_swamp, serial_swamp_ruin, evilmike_swamp_ruin_wall,
          evilmike_swamp_ruin_house_6, swamp_pool5
Swamp:3:  layout_basic_swamp, hangedman_swamp_ruin_wall, swamp_pool2,
          uniq_aizul, uniq_nikola, uniq_bai_suzhen
Swamp:4:  swamp_vile, layout_basic_swamp, nicolae_swamp_drake_lake
Orc:1:    layout_diamond_mine
Orc:2:    grunt_orc_tribal_feast, layout_caves, uniq_sonja
Elf:1:    nicolae_elf_arrival_dilemma, layout_loops_corners, serial_shops, shop,
          hangedman_corner_corridor, uniq_kirke

Skill      XL: |  1  2  3  4  5  6  7  8  9 10 11 12 13 14 15 16 17 |
---------------+----------------------------------------------------+-----
Stealth        | 1 2 4 6 7 9 10 11 | 11.0
Dodging        | 2 4 5 6 7 |  7.1
Armour         | 1 3 4 6 7 8 |  8.2
Spellcasting   | 2 3 4 5 6 7 8 9 10 11 | 11.6
Fighting       | 2 4 5 6 7 8 9 10 | 10.5
Poison Magic   | 2 3 4 5 |  5.0
Air Magic      | 1 2 3 4 5 |  5.7
Earth Magic    | 1 2 4 7 8 9 |  9.1
Conjurations   | 1 2 3 5 6 7 9 10 11 12 | 12.7
Staves         | 1 2 3 |  3.0
Evocations     | 2 3 5 |  5.0
Crossbows      | 3 4 |  4.5
Transmutations | 3 4 |  4.0
Fire Magic     | 3 4 5 |  5.9
Shields        | 4 5 7 8 9 |  9.0
Ice Magic      | 6 |  6.0
Hexes          | |  3.6

Action                   |  1- 3 |  4- 6 |  7- 9 | 10-12 | 13-15 | 16-18 || total
-------------------------+-------+-------+-------+-------+-------+-------++-------
Melee: Whip              |    62 |       |       |       |       |       ||    62
       Short sword       |   130 |   218 |    10 |       |       |       ||   358
       Punch             |     4 |     2 |     2 |     3 |       |       ||    11
       Quarterstaff      |       |       |   156 |   227 |    55 |    10 ||   448
       Rapier            |       |       |       |     1 |     2 |       ||     3
       Broad axe         |       |       |       |       |     1 |       ||     1
       Dagger            |       |       |       |       |       |     1 ||     1
 Fire: Hunting sling     |       |    22 |    34 |       |       |       ||    56
       Hand crossbow     |       |       |     8 |    53 |    95 |       ||   156
       Arbalest          |       |       |       |       |     5 |    22 ||    27
Throw: Stone             |    24 |       |       |       |       |       ||    24
       Dart              |       |       |       |     1 |       |     2 ||     3
       Javelin           |       |       |       |       |    15 |       ||    15
 Cast: Slow              |    30 |    26 |    85 |    23 |       |       ||   164
       Poisonous Vapours |       |     4 |    61 |   119 |       |       ||   184
       Stone Arrow       |       |       |     1 |   117 |   207 |    35 ||   360
       Ignite Poison     |       |       |       |    25 |   157 |    81 ||   263
       Olgreb's Toxic Ra |       |       |       |    24 |   169 |    67 ||   260
       Freezing Cloud    |       |       |       |       |    21 |    62 ||    83
       Conjure Ball Ligh |       |       |       |       |       |    19 ||    19
 Abil: Dig               |       |       |     1 |     5 |     3 |     1 ||    10
       Shaft Self        |       |       |       |       |     2 |     2 ||     4
Evoke: Wand              |       |       |       |     1 |     1 |     6 ||     8
  Use: Scroll            |       |     5 |     2 |     4 |     9 |     6 ||    26
       Potion            |       |       |     3 |       |     5 |     9 ||    17
 Stab: Sleeping          |     1 |     2 |       |     2 |     2 |     1 ||     8
Armor: Robe              |    74 |    76 |    77 |   106 |       |       ||   333
       Ring mail         |     9 |       |       |       |       |       ||     9
       Troll leather arm |       |       |       |    35 |   115 |    50 ||   200
       Skin              |       |       |       |       |       |     2 ||     2
Dodge: Dodged            |   134 |   143 |   127 |   195 |   120 |    61 ||   780
Block: Buckler           |       |       |       |     6 |    55 |    36 ||    97

Table legend: (Time is in decaauts)
 A = Elapsed time spent in this place.
 B = Non-inter-level travel time spent in this place.
 C = Inter-level travel time spent in this place.
 D = Time resting spent in this place.
 E = Time spent auto-exploring this place.
 F = Levels seen in this place.
 G = Mean time per level.
                   A        B        C        D        E       F      G
               +--------+--------+--------+--------+--------+-----+--------+
         Total |  37246 |  34413 |   2833 |  11849 |  10363 |  29 | 1284.3 |
       Dungeon |  22652 |  20644 |   2008 |   6497 |   6430 |  15 | 1510.1 |
        Temple |    185 |    147 |     38 |      0 |    137 |   1 |  185.0 |
          Lair |  10906 |  10254 |    652 |   4028 |   3267 |   6 | 1817.7 |
         Swamp |   1656 |   1656 |      0 |    861 |      0 |   4 |  414.0 |
  Orcish Mines |   1806 |   1673 |    133 |    463 |    529 |   2 |  903.0 |
   Elven Halls |     38 |     38 |      0 |      0 |      0 |   1 |   38.0 |
               +--------+--------+--------+--------+--------+-----+--------+

Top non-repeatable levels by time:
  Lair:6: 3974 daAuts
     D:8: 2539 daAuts
    D:14: 1966 daAuts
    D:12: 1949 daAuts
     D:1: 1938 daAuts
  Lair:5: 1671 daAuts
    D:13: 1666 daAuts
  Lair:1: 1613 daAuts
    D:10: 1597 daAuts
     D:9: 1564 daAuts
     D:7: 1544 daAuts
     D:6: 1534 daAuts
  Lair:2: 1513 daAuts
  Lair:3: 1322 daAuts
     D:2: 1293 daAuts
